 Dungeon Crawl Stone Soup version 0.28.0-53-g5a82cb258f (webtiles) character file.

Game seed: 4269900520671161237

543 DearestLeader the Conjurer (level 7, 0/36 HPs)
             Began as a Deep Elf Conjurer on June 8, 2022.
             Slain by Grinder (5 damage)
             ... while paralysed by Grinder
             ... on level 4 of the Dungeon.
             The game lasted 00:10:53 (4982 turns).

DearestLeader the Conjurer (Deep Elf Conjurer)      Turns: 4982, Time: 00:10:53

Health: 0/36       AC:  5    Str:  4    XL:     7   Next: 6%
Magic:  5/16       EV:  2    Int: 25    God:
Gold:   91         SH:  0    Dex: 13    Spells: 8/15 levels left

rFire   . . .      SeeInvis .   f - +2 whip (elec)
rCold   . . .      Faith    .   (no shield)
rNeg    . . .      Spirit   .   a - +0 robe
rPois   .          Reflect  .   i - +2 helmet
rElec   .          Harm     .   b - scarf {repulsion}
rCorr   .          Rampage  .   (no gloves)
Will    .....                   (no boots)
Stlth   ++........              (no amulet)
HPRegen 0.12/turn               (no ring)
MPRegen 0.15/turn               (no ring)

@: paralysed, repel missiles
A: no striking features
a: no special abilities


You were on level 4 of the Dungeon.
You visited 1 branch of the dungeon, and saw 4 of its levels.
You also visited: Sewer.

You collected 91 gold pieces.

Inventory:

Hand Weapons
 c - a +0 short sword
 f - a +2 whip of electrocution (weapon)
 g - a +0 whip
Missiles
 m - 3 curare-tipped darts (quivered)
Armour
 a - a +0 robe (worn)
 b - a scarf of repulsion (worn)
 i - a +2 helmet (worn)
 k - a scarf of invisibility
Scrolls
 d - 2 scrolls of teleportation
 t - a scroll of silence {unknown}
Potions
 e - 3 potions of cancellation {unknown}
 h - a potion of flight {unknown}
 j - a potion of degeneration {unknown}
 l - a potion of mutation {unknown}
 n - a potion of attraction {unknown}
 o - a potion of magic {unknown}
 p - a potion of might {unknown}
 q - 2 potions of brilliance {unknown}
 r - a potion of heal wounds
 s - a potion of curing {unknown}


   Skills:
 - Level 4.0 Dodging
 - Level 3.0 Stealth
 + Level 4.9 Spellcasting
 * Level 7.5 Conjurations
 + Level 3.3 Hexes


You had 8 spell levels left.
You knew the following spells:

 Your Spells              Type           Power      Damage    Failure   Level
a - Magic Dart            Conj           100%       1d8       1%          1
b - Searing Ray           Conj           86%        2d7       1%          2
c - Fulminant Prism       Conj/Hex       16%        3d11      9%          4

Your spell library contained the following spells:

 Spells                   Type           Power      Damage    Failure   Level
 Dazzling Flash           Conj/Hex       66%        N/A       2%          3
 Sting                    Tmut/Pois      24%        1d4       9%          1
 Poisonous Vapours        Pois/Air       12%        N/A       13%         2
 Iskenderun's Mystic Bla  Conj/Tloc      24%        2d7       19%         4
 Olgreb's Toxic Radiance  Pois           6%         N/A       63%         4


Dungeon Overview and Level Annotations

Branches:
Dungeon (4/15)              Sewer (visited)
 Temple: D:4-7

Altars:

Shops:
D:4 :([:[

Annotations:
D:3 3 runed translucent doors, spica's ghost, amateur GrEE
D:4 Grinder


Message History

The spell is quite dangerous to miscast (10% risk of failure)!
Continue anyway? [Y]es or [N]o only, please.
The spell is quite dangerous to miscast (10% risk of failure)!
Continue anyway? [Y]es or [N]o only, please.
The spell is quite dangerous to miscast (10% risk of failure)!
Continue anyway?
Aiming: Fulminant Prism (quite dangerous; 10% risk of failure)
Press: ? - help, Dir - move target You conjure a prism of explosive energy!
A fulminant prism comes into view.
Ijyb zaps a wand.
The bolt of acid misses you.
Your fulminant prism crackles loudly.
Your fulminant prism explodes!
The blast of energy engulfs Ijyb!!
Ijyb is severely wounded.
You hear a shout!
Casting: Fulminant Prism (quite dangerous; 10% risk of failure)
Confirm with . or Enter, or press ? or * to list all spells.
The spell is quite dangerous to miscast (10% risk of failure)!
Continue anyway?
Aiming: Fulminant Prism (quite dangerous; 10% risk of failure)
Press: ? - help, Dir - move target You conjure a prism of explosive energy!
A fulminant prism comes into view.
Ijyb zaps a wand.
The bolt of acid misses you.
Your fulminant prism crackles loudly.
Ijyb hits your fulminant prism but does no damage.
Your fulminant prism explodes!
The blast of energy engulfs Ijyb!!
You kill Ijyb!
Grinder comes into view.
She is carrying a wand of flame (19).
Grinder gestures at you. Pain shoots through your body!
Grinder gestures at you.
You suddenly lose the ability to move!
Grinder gestures at you. Pain shoots through your body!
Grinder zaps a wand.
The puff of flame is repelled.
Grinder hits you!
* * * LOW HITPOINT WARNING * * *
Grinder hits you.
You die...

##..##...........#####
#..........≈≈≈...##...
#...#..#..≈≈≈≈≈..##...
#.#...##..≈≈.≈≈..##...
##.#...##..≈≈≈≈≈.).#...
########......#....≈≈≈........
#.............#..........##...
#........................#.∩..
#............@....#...##......
+...........5..#####..#####...
#....≈.≈....)...# ....# #...
#.###.≈.≈#...###.#.##.# #### #
#.≈.≈$.........
#.≈≈≈..........#
#.#.......*....#
#.#..........#.. #
........!..#


You could see Grinder.

Vanquished Creatures
  An ogre (D:4)
  A jelly (Sewer)
  A hound (D:4)
  Ijyb (D:4)
  2 orc wizards
  Robin (D:1)
  5 adders
  3 gnolls (D:3)
  7 river rats
  An adder skeleton (D:4)
  3 worms
  6 dart slugs
  11 orcs
  4 bats
  12 endoplasms
  11 giant cockroaches
  8 goblins
  7 hobgoblins
  12 jackals
  8 kobolds
  3 quokkas
  12 ball pythons
  5 frilled lizards
  11 rats
136 creatures vanquished.

Vanquished Creatures (others)
  5 fulminant prisms
5 creatures vanquished.

Grand Total: 141 creatures vanquished

Notes
Turn   | Place    | Note
-------+----------+-------------------------------------------
     0 | D:1      | DearestLeader the Deep Elf Conjurer began the quest for the
                  | Orb.
     0 | D:1      | Reached XP level 1. HP: 10/10 MP: 6/6
   373 | D:1      | Reached XP level 2. HP: 15/15 MP: 5/8
   410 | D:1      | Learned a level 2 spell: Searing Ray
   939 | D:1      | Found a faded altar of an unknown god.
   989 | D:1      | Reached skill level 5 in Conjurations
  1057 | D:1      | Reached XP level 3. HP: 19/19 MP: 6/9
  1478 | D:2      | Noticed Robin
  1525 | D:1      | Killed Robin
  1986 | D:2      | Reached XP level 4. HP: 24/24 MP: 6/10
  3029 | D:3      | Reached skill level 6 in Conjurations
  3126 | D:3      | Found a runed translucent gate.
  3127 | D:3      | Found a runed translucent gate.
  3128 | D:3      | Found a runed translucent gate.
  3129 | D:3      | Noticed spica's ghost (amateur GrEE)
  3132 | D:3      | Identified the +8 short sword of Calculation {antimagic,
                  | Will+}
  3207 | D:3      | Reached XP level 5. HP: 25/28 MP: 11/11
  3413 | D:3      | Learned a level 4 spell: Fulminant Prism
  3806 | D:4      | Found Pireg's Book Emporium.
  3830 | D:4      | Noticed an ogre
  3832 | D:4      | Reached skill level 1 in Hexes
  3838 | D:4      | Killed an ogre
  3839 | D:4      | Reached XP level 6. HP: 30/32 MP: 3/14
  3877 | D:4      | Found Hiqiniv's Book Emporium.
  3880 | D:4      | Found Nyos's Armour Boutique.
  3888 | D:4      | Found a glowing drain.
  3898 | D:4      | Reached skill level 7 in Conjurations
  3927 | Sewer    | Entered a sewer
  4502 | Sewer    | Found a viscous altar of Jiyva.
  4824 | D:4      | Found Wurol's Antique Armour Shop.
  4866 | D:4      | Found Taen's Weapon Shoppe.
  4903 | D:4      | Reached XP level 7. HP: 34/36 MP: 13/16
  4963 | D:4      | Noticed Ijyb
  4973 | D:4      | Killed Ijyb
  4974 | D:4      | Noticed Grinder
  4977 | D:4      | Paralysed by Grinder for 7 turns
  4982 | D:4      | Slain by Grinder

Illustrated notes

Levels and vault maps discovered:
D:1:      roderic_crop_circles_arrival_small, layout_basic,
          nicolae_ecumenical_snake_handling, minivault_19
D:2:      layout_basic, uniq_robin
D:3:      layout_basic, biasface_ghost_orc_armoury, columned_hall_lemuel
D:4:      layout_basic, lemuel_temple_firewalk_b, serial_rivers,
          chequers_serial_rivers_small_3, chequers_serial_rivers_large_b,
          chequers_serial_rivers_micro_a, chequers_serial_rivers_micro_d,
          portal_sewer_entry_a, serial_shops, nicolae_diamond_shop,
          nicolae_shop_hallway_plus, nicolae_take_the_stairs,
          nicolae_shop_temple_entry_statues_fountains, shop, uniq_ijyb,
          uniq_grinder

Skill      XL: |  1  2  3  4  5  6 |
---------------+-------------------+-----
Stealth        | 3 |  3.0
Dodging        | 3 4 |  4.0
Conjurations   | 5 6 7 |  7.5
Hexes          | 2 3 |  3.3
Spellcasting   | 4 |  4.9

Action                   |  1- 3 |  4- 6 |  7- 9 || total
-------------------------+-------+-------+-------++-------
Melee: Short sword       |     1 |       |       ||     1
       Whip              |       |    94 |     6 ||   100
 Cast: Magic Dart        |    62 |    63 |     1 ||   126
       Searing Ray       |     2 |    17 |       ||    19
       Fulminant Prism   |       |     2 |     3 ||     5
  Use: Scroll            |       |     3 |       ||     3
 Stab: Sleeping          |       |     3 |     1 ||     4
Armor: Robe              |     2 |    24 |     2 ||    28
Dodge: Dodged            |     3 |    74 |     5 ||    82
       Repelled          |     1 |     2 |     1 ||     4
